 Dungeon Crawl Stone Soup version 0.31-a0-544-gceb718ecc6 (webtiles) character file.

Game seed: 2875804450437637893

78 LeprechaunX the Changeling (level 4, -7/29 HPs)
             Began as an Octopode Shapeshifter on Aug 15, 2023.
             Mangled by Terence
             ... wielding a +5 flail of protection
              (11 damage)
             ... on level 3 of the Dungeon.
             The game lasted 00:01:44 (1575 turns).

LeprechaunX the Changeling (Octopode Shapeshifter)  Turns: 1575, Time: 00:01:45

Health: -7/29      AC:  1    Str: 14    XL:     4   Next: 36%
Magic:  4/4        EV: 14    Int: 16    God:
Gold:   183        SH:  0    Dex: 16    Spells: 3/3 levels left

rFire   . . .        g - +4 dagger
rCold   + . .        (no shield)
rNeg    . . .        (helmet currently unavailable)
rPois   +            (no amulet)
rElec   +            e - ring of protection from cold
rCorr   .            s - ring "Vanaes" {Contam rElec rPois Int+6 Dex+2}
SInv    .            (no ring)
Will    .....        (no ring)
Stlth   ++           (no ring)
HPRegen 0.24/turn    (no ring)
MPRegen 0.09/turn    (no ring)
                     (no ring)

%: no passive effects
@: beast-form
A: beast (slay +2), almost no armour, amphibious, 8 rings, camouflage 1,
gelatinous body 1, (nimble swimmer 1), tentacles
a: Begin Untransformation


You were on level 3 of the Dungeon.
You were a hulking beast.
You visited 1 branch of the dungeon, and saw 3 of its levels.

You collected 183 gold pieces.

Inventory:

Hand Weapons
 g - a +4 dagger (weapon)
Jewellery
 e - a ring of protection from cold (left tentacle)
 s - the ring "Vanaes" (right tentacle) {Contam rElec rPois Int+6 Dex+2}
   (You found it on level 3 of the Dungeon)

   [ring of intelligence]

   Int+6:     It affects your intelligence (+6).
   Dex+2:     It affects your dexterity (+2).
   rElec:     It insulates you from electricity.
   rPois:     It protects you from poison Contam: It causes magical
   contamination when unequipped.
Talismans
 b - a beast talisman (active)
 c - a flux talisman
Scrolls
 d - 4 scrolls of teleportation {unknown}
 f - 2 scrolls of fear {unknown}
 i - 3 scrolls of identify {unknown}
 k - a scroll of summoning {unknown}
 l - a scroll of immolation {unknown}
 m - a scroll of blinking {unknown}
 q - a scroll of brand weapon {unknown}
Potions
 a - a potion of lignification
 h - a potion of heal wounds {unknown}
 j - a potion of haste {unknown}
 n - a potion of mutation {unknown}
 o - a potion of might {unknown}
 p - a potion of berserk rage {unknown}
 r - a potion of curing {unknown}


   Skills:
 + Level 1.9 Fighting
 + Level 2.6 Dodging
 + Level 3.4 Unarmed Combat
 * Level 3.6 Shapeshifting


You had 3 spell levels left.
You didn't know any spells.
Your spell library was empty.

Dungeon Overview and Level Annotations

Branches:
Dungeon (3/15)

Altars:

Annotations:
D:3 Terence


Innate Abilities, Weirdness & Mutations

You are a hulking beast.
Your limbs bulge with bestial killing power. (Slay +2)
You cannot wear most types of armour.
You are amphibious.
You can wear up to eight rings at the same time.
Your skin changes colour to match your surroundings (Stealth+).
Your rubbery body absorbs attacks. (AC +1, EV +1)
((You are camouflaged when in or above water. (Stealth+)))
You have tentacles for arms and can constrict up to eight enemies at once.


Message History

Found a stone staircase leading up.
Things that are here:
a jackal corpse; a quokka corpse
s - the ring "Vanaes" {Contam rElec rPois Int+6 Dex+2} A kobold comes into view.
It is wielding a +0 club.
A kobold is nearby!
Found 5 gold pieces.
The helpless kobold fails to defend itself.
You puncture the kobold!
You kill the kobold!
No target in view!
No target in view!
You feel clever.
You feel agile.
You feel a build-up of mutagenic energy.
s - the ring "Vanaes" (right tentacle) {Contam rElec rPois Int+6 Dex+2} Terence the Incautious comes into view.
He is wielding a +5 flail of protection.
Found a chain mail.
Terence is nearby!
Terence is nearby!
Terence is nearby!
Terence is nearby!
Terence hits you with a +5 flail of protection!
You see here 5 gold pieces.
You hit Terence but do no damage. You grab Terence. You squeeze Terence.
Terence is lightly wounded.
You constrict Terence, but do no damage.
Terence closely misses you.
You hit Terence.
Terence is moderately wounded.
You constrict Terence.
Terence hits you with a +5 flail of protection!
Ouch! That really hurt!
* * * LOW HITPOINT WARNING * * *
You are too injured to fight recklessly!
You are too injured to fight recklessly!
You hit Terence but do no damage.
Terence is heavily wounded.
You constrict Terence.
Terence hits you with a +5 flail of protection!
You die...

#..# #..##
.....
#...##
#....
#[..## #
#.@..# .#
##.h..##.#
#........##
#..........
#........##
###...##.#
#..)# #
##.## #.###
#...#


You could see Terence.

Vanquished Creatures
  A gnoll (D:2)
  An adder (D:2)
  A worm (D:2)
  3 dart slugs
  2 bats (D:2)
  3 endoplasms
  3 giant cockroaches
  6 goblins
  4 hobgoblins
  3 jackals (D:3)
  6 kobolds
  3 quokkas
  4 ball pythons
  5 frilled lizards
  3 rats
48 creatures vanquished.

Notes
Turn   | Place    | Note
-------+----------+-------------------------------------------
     0 | D:1      | LeprechaunX the Octopode Shapeshifter began the quest for
                  | the Orb.
     0 | D:1      | Reached XP level 1. HP: 13/13 MP: 1/1
   101 | D:1      | Reached XP level 2. HP: 15/18 MP: 2/2
   609 | D:2      | Reached XP level 3. HP: 18/23 MP: 3/3
  1104 | D:2      | Reached XP level 4. HP: 27/29 MP: 4/4
  1517 | D:3      | Identified the ring "Vanaes" {Contam rElec rPois Int+6
                  | Dex+2}
  1567 | D:3      | Noticed Terence
  1575 | D:3      | Mangled by Terence

Illustrated notes

Levels and vault maps discovered:
D:1:      dreamdust_arrival_sigmund_warning, layout_rooms
D:2:      layout_basic, serial_park_tiny_2, minmay_fountain_box,
          roderic_roman_lattice, minmay_three_crescents
D:3:      layout_loops_ring, uniq_terence

Action                     |  1- 3 |  4- 6 || total
---------------------------+-------+-------++-------
  Melee: Unarmed           |    28 |       ||    28
         Constrict         |    14 |     4 ||    18
         Tentacles         |     6 |     5 ||    11
         Dagger            |    26 |    20 ||    46
         Punch             |     1 |     1 ||     2
   Stab: Sleeping          |    13 |     4 ||    17
 Armour: Skin              |     4 |     1 ||     5
  Dodge: Dodged            |    27 |     6 ||    33

Table legend: (Time is in decaauts)
 A = Elapsed time spent in this place.
 B = Non-inter-level travel time spent in this place.
 C = Inter-level travel time spent in this place.
 D = Time resting spent in this place.
 E = Time spent auto-exploring this place.
 F = Levels seen in this place.
 G = Mean time per level.
                   A        B        C        D        E       F      G
               +--------+--------+--------+--------+--------+-----+--------+
         Total |   1572 |   1490 |     82 |      0 |   1231 |   3 |  524.0 |
       Dungeon |   1572 |   1490 |     82 |      0 |   1231 |   3 |  524.0 |
               +--------+--------+--------+--------+--------+-----+--------+

Top non-repeatable levels by time:
     D:2: 718 daAuts
     D:1: 544 daAuts
     D:3: 309 daAuts
